 Dungeon Crawl Stone Soup version 0.18.1-50-g88ac8fd (webtiles) character file.

880 nikopol the Skirmisher (level 7, -4/64 HPs)
             Began as a Minotaur Berserker on Oct 9, 2016.
             Was a Priest of Trog.
             Killed by divine providence
             ... invoked by an orc priest
              (11 damage)
             ... on level 5 of the Dungeon.
             The game lasted 00:06:50 (3343 turns).

nikopol the Skirmisher (Minotaur Berserker)         Turns: 3343, Time: 00:06:51

Health: -4/64      AC:  8    Str: 22    XL:     7   Next: 75%
Magic:  6/6        EV: 12    Int:  4    God:    Trog [***...]
Gold:   232        SH:  0    Dex: 11    Spells: 0 memorised, 6 levels left

rFire  . . .     SeeInvis .     a - +0 spear (venom)
rCold  . . .     Gourm    .     w - +0 scale mail
rNeg   . . .     Faith    .     (no shield)
rPois  .         Spirit   .     (helmet restricted)
rElec  .         Dismiss  .     k - +0 cloak
rCorr  .         Reflect  .     (no gloves)
SustAt .         Harm     .     (no boots)
MR     .....                    (no amulet)
Stlth  ..........               (no ring)
                                (no ring)

@: not resistant to hostile enchantments, extremely unstealthy
A: retaliatory headbutt, horns 2
a: Berserk, Trog's Hand, Burn Spellbooks, Renounce Religion


You were on level 5 of the Dungeon.
You worshipped Trog.
Trog was most pleased with you.
You were not hungry.

You visited 1 branch of the dungeon, and saw 5 of its levels.

You collected 232 gold pieces.

Inventory:

Hand Weapons
 a - a +0 spear of venom (weapon)
 B - a +0 spear
Missiles
 h - 20 arrows (quivered)
Armour
 b - a +0 animal skin
 e - a +0 ring mail
 k - a +0 cloak (worn)
 w - a +0 scale mail (worn)
Scrolls
 d - 5 scrolls of teleportation {unknown}
 f - 2 scrolls of enchant weapon {unknown}
 i - a scroll of recharging {unknown}
 j - 2 scrolls of remove curse {unknown}
 m - 4 scrolls of noise {unknown}
 q - a scroll of identify {unknown}
 r - a scroll of fear {unknown}
 y - a scroll of fog {unknown}
 A - a scroll of blinking {unknown}
Potions
 g - a potion of resistance {unknown}
 n - 2 potions of cure mutation {unknown}
 p - a potion of curing {unknown}
 s - a potion of cancellation {unknown}
 u - a potion of magic {unknown}
 x - a potion of agility {unknown}
 z - a potion of heal wounds {unknown}
Comestibles
 c - 3 bread rations
 l - 2 royal jellies
 o - 4 meat rations
 t - a slice of pizza
 v - 8 chunks of flesh


   Skills:
 + Level 6.4 Fighting
 + Level 6.3 Polearms
 + Level 5.7 Armour
 + Level 5.3 Dodging


You had 6 spell levels left.
You didn't know any spells.

Dungeon Overview and Level Annotations

Branches:
Dungeon (5/15)
 Temple: D:4-7

Altars:
Okawaru
Trog
Vehumet


Innate Abilities, Weirdness & Mutations

You reflexively headbutt those who attack you in melee.
You have a pair of horns on your head.


Message History

The puff of flame hits you!
* * * LOW HITPOINT WARNING * * *
You are too injured to fight recklessly!
You are too injured to fight recklessly!
You are too injured to fight recklessly!
You are too injured to fight recklessly!
Your scale mail prevents you from hitting the orc wizard.
You headbutt the orc wizard.
You kill the orc wizard!
Trog accepts your kill.
Trog appreciates your killing of a magic user.
The orc closely misses you. The orc priest closely misses you.
You hit the orc but do no damage. The orc hits you but does no damage.
The orc priest hits you with a short sword.
* * * LOW HITPOINT WARNING * * *
You hit the orc but do no damage.
The orc is poisoned.
The orc hits you but does no damage.
The orc priest invokes the aid of Beogh against you.
Beogh smites you!
You die...

...... .. ## .........
.##.. .#
#.......###.#..# .#
#.......#......# ..#
#..............#
###..##+#..>..#.....)..#
..............#o#).....#
...............o@)#
............#...###
.###...........##
...#.......##(รท#
)).#.#..#..##.####
.......# #.......#
...#...# ###..##.###
......## #.###...#
...#..# #.##...##


You could see an orc priest and an orc.

Vanquished Creatures
  Grinder (D:4)
  A sky beast (D:4)
  An ogre (D:4)
  A giant frog zombie (D:5)
  2 crimson imps (D:5)
  2 orc priests
  4 orc wizards
  7 gnolls
  8 adders
  An ooze (D:4)
  2 adder skeletons
  2 worms
  2 dart slugs
  2 giant geckos
  4 orcs
  3 giant cockroaches
  11 goblins
  15 hobgoblins
  7 jackals
  A ball python (D:3)
  5 bats
  5 giant newts
  6 kobolds
  5 rats
98 creatures vanquished.

Notes
Turn   | Place    | Note
--------------------------------------------------------------
     0 | D:1      | nikopol the Minotaur Berserker began the quest for the Orb.
     0 | D:1      | Reached XP level 1. HP: 19/19 MP: 0/0
   169 | D:1      | Reached XP level 2. HP: 27/27 MP: 1/1
   365 | D:1      | Reached ** piety under Trog
   736 | D:2      | Reached XP level 3. HP: 33/33 MP: 2/2
  1287 | D:2      | Reached XP level 4. HP: 31/40 MP: 3/3
  1298 | D:2      | Found an iron altar of Okawaru.
  1828 | D:3      | Found a radiant altar of Vehumet.
  1927 | D:3      | Reached XP level 5. HP: 46/47 MP: 4/4
  2019 | D:3      | Found a bloodstained altar of Trog.
  2286 | D:4      | Reached skill level 5 in Polearms
  2289 | D:4      | Reached *** piety under Trog
  2638 | D:4      | Noticed a sky beast
  2655 | D:4      | Killed a sky beast
  2655 | D:4      | Reached skill level 5 in Fighting
  2655 | D:4      | Reached XP level 6. HP: 48/56 MP: 5/5
  2802 | D:4      | Noticed Grinder
  2802 | D:4      | Paralysed by Grinder for 3 turns
  2819 | D:4      | Paralysed by Grinder for 7 turns
  2832 | D:4      | Killed Grinder
  2832 | D:4      | Reached XP level 7. HP: 20/61 MP: 6/6
  3110 | D:4      | Reached skill level 5 in Armour
  3110 | D:4      | Reached skill level 5 in Dodging
  3238 | D:5      | Entered Level 5 of the Dungeon
  3343 | D:5      | Killed from afar by an orc priest

Skill      XL: |  1  2  3  4  5  6  7 |
---------------+----------------------+-----
Armour         | 3 4 5 |  5.7
Polearms       | 4 5 6 |  6.3
Fighting       | 4 5 6 |  6.4
Dodging        | 3 4 5 |  5.3

Action                   |  1- 3 |  4- 6 |  7- 9 || total
-------------------------+-------+-------+-------++-------
Melee: Spear             |   106 |   156 |    90 ||   352
       Headbutt          |    14 |    25 |    18 ||    57
Invok: Berserk           |     1 |     1 |     1 ||     3
  Eat: Chunk             |     1 |     7 |     3 ||    11
Armor: Ring mail         |    21 |     2 |       ||    23
       Animal skin       |     1 |       |       ||     1
       Scale mail        |       |    44 |    32 ||    76
Dodge: Dodged            |    46 |    53 |    48 ||   147
